 Dungeon Crawl Stone Soup version 0.26.0-18-gc5c842f807 (webtiles) character file.

Game seed: 13079361606599781090

467656 dracos369 the Warrior (level 23, -6/202 (204) HPs)
             Began as a White Draconian Conjurer on Jan 19, 2021.
             Was a High Priest of Sif Muna.
             Killed from afar by a crystal guardian (51 damage)
             ... with a crystal bolt
             ... on level 1 of the Depths on Jan 22, 2021.
             The game lasted 06:49:29 (75398 turns).

dracos369 the Warrior (White Draconian Conjurer)   Turns: 75398, Time: 06:49:31

HP:   -6/202 (204)  AC: 23    Str:  8    XL:     23   Next: 48%
MP:   37/42         EV: 19    Int: 42    God:    Sif Muna [*****.]
Gold: 3009          SH:  9    Dex: 11    Spells: 3/52 levels left

rFire    . . .     SeeInvis +   K - +8 autumn katana {vorpal, Clar}
rCold    + . .     Faith    .   z - +5 buckler "Loommo Roecy" {Int+3}
rNeg     + . .     Spirit   .   (armour unavailable)
rPois    +         Reflect  .   h - +2 hat {Int+3}
rElec    .         Harm     .   E - +2 cloak {Stlth+}
rCorr    .         Rampage  +   I - +2 pair of gloves
Will     +++..     Clarity  +   O - +3 pair of boots of Disappointment {Rampage}
Stlth    +++++.....             S - amulet "Herahiz" {RegenMP rPois Slay+2 SInv}
HPRegen  0.43/turn              C - ring "Nebluguor" {+Blink rN+ Str-4 Int+8 Stlth+}
MPRegen  0.53/turn              T - ring of the Mage {Wiz Will++ Int+3}

@: about to teleport, studying Short Blades, lightly drained
A: breathe frost, unfitting armour, cold resistance 1, cold-blooded, AC +11
}: 2/15 runes: serpentine, barnacled
a: Breathe Frost, Renounce Religion, Evoke Blink, Channel Magic, Forget Spell,
Divine Exegesis


You were on level 1 of the Depths.
You worshipped Sif Muna.
Sif Muna was extremely pleased with you.
You visited 10 branches of the dungeon, and saw 42 of its levels.
You visited 1 bazaar.
You also visited: Volcano and Wizlab.

You collected 5303 gold pieces.
You spent 2294 gold pieces at shops.

Inventory:

Hand Weapons
 K - the +8 autumn katana (weapon) {vorpal, Clar}
   (You found it on level 8 of the Dungeon)

   It inflicts extra damage upon your enemies.
   It protects you against confusion.
Missiles
 a - 19 silver javelins
 F - 10 throwing nets
 N - 29 silver boomerangs
Armour
 h - a +2 hat of intelligence (worn)
 z - the +5 buckler "Loommo Roecy" (worn) {Int+3}
   (You found it on level 5 of the Dungeon)

   It affects your intelligence (+3).
 E - a +2 cloak of stealth (worn)
 I - a +2 pair of gloves (worn)
 O - the +3 pair of boots of Disappointment (worn) {Rampage}
   (You found it on level 9 of the Dungeon)

   It bestows one free step when moving towards enemies.
Jewellery
 e - the ring of Niesal {+Inv rN+}
   (You found it on level 3 of the Crypt)

   [ring of positive energy]

   It protects you from negative energy.
   It lets you turn invisible.
 r - the ring "Yghiurr" {rPois rF+ Dex+6}
   (You bought it in a shop on level 1 of the Elven Halls)

   [ring of protection from fire]

   It affects your dexterity (+6).
   It protects you from fire.
   It protects you from poison.
 v - the ring of Wishful Thinking {rN+ Int+4 SInv Stlth+}
   (You took it off a vampire mage on level 3 of the Crypt)

   [ring of positive energy]

   It affects your intelligence (+4).
   It protects you from negative energy.
   It lets you see invisible.
   It makes you more stealthy.
 C - the ring "Nebluguor" (left hand) {+Blink rN+ Str-4 Int+8 Stlth+}
   (You found it on level 3 of the Crypt)

   [ring of positive energy]

   It affects your strength (-4).
   It affects your intelligence (+8).
   It protects you from negative energy.
   It lets you blink.
   It makes you more stealthy.
 M - an uncursed ring of resist corrosion
 S - the amulet "Herahiz" (around neck) {RegenMP rPois Slay+2 SInv}
   (You acquired it on level 3 of the Shoals)

   [amulet of magic regeneration]

   It increases your magic regeneration.
   It affects your accuracy and damage with ranged weapons and melee attacks
   (+2).
   It protects you from poison.
   It lets you see invisible.
 T - the ring of the Mage (right hand) {Wiz Will++ Int+3}
   (You bought it in a shop on level 4 of the Dungeon)

   [ring of wizardry]

   It improves your spell success rate.
   It affects your intelligence (+3).
   It affects your willpower, your defense against some magical effects.
Wands
 c - a wand of flame (21)
 A - a wand of iceblast (32)
 L - a wand of acid (29)
 Q - a wand of digging (11)
Scrolls
 d - a scroll of enchant armour
 i - 8 scrolls of immolation
 k - 13 scrolls of identify
 l - 23 scrolls of teleportation
 m - 4 scrolls of magic mapping
 s - a scroll of summoning
 t - a scroll of silence
 u - 4 scrolls of vulnerability
 x - 18 scrolls of remove curse
 y - 8 scrolls of fear
 H - a scroll of enchant weapon
 Z - 9 scrolls of fog
Potions
 b - 8 potions of mutation
 f - 3 potions of magic
 g - 4 potions of lignification
 j - 10 potions of curing
 n - 2 potions of resistance
 o - 9 potions of berserk rage
 p - 6 potions of brilliance
 q - 5 potions of haste
 w - 8 potions of flight
 B - 10 potions of attraction
 D - 12 potions of might
 G - 4 potions of ambrosia
 J - a potion of cancellation
 V - a potion of invisibility
Books
 X - a manual of Short Blades
Miscellaneous
 U - a box of beasts
 W - a condenser vane (inert)


   Skills:
 + Level 16.7 Fighting
 - Level 12.0 Long Blades
 + Level 13.4 Dodging
 - Level 8.0 Stealth
 - Level 4.0 Shields
 + Level 15.2 Spellcasting
 - Level 16.0 Conjurations
 - Level 6.0 Hexes
 - Level 8.0 Translocations
 - Level 8.0 Transmutations
 - Level 16.0 Ice Magic
 - Level 8.0 Air Magic
 + Level 15.6 Invocations
 + Level 12.1 Evocations


You had 3 spell levels left.
You knew the following spells:

 Your Spells              Type           Power        Failure   Level
a - Apportation           Tloc           100%         1%          1
b - Blink                 Tloc           N/A          1%          2
c - Freezing Cloud        Conj/Ice/Air   48%          1%          6
d - Orb of Destruction    Conj           52%          1%          7
g - Passage of Golubria   Tloc           N/A          1%          4
h - Hailstorm             Conj/Ice       100%         0%          4
i - Irradiate             Conj/Tmut      46%          1%          5
m - Iskenderun's Mystic   Conj/Tloc      93%          1%          4
o - Ozocubu's Refrigerat  Ice            52%          1%          6
y - Yara's Violent Unrav  Hex/Tmut       37%          1%          5
A - Ozocubu's Armour      Ice            100%         0%          3
S - Swiftness             Air            78%          1%          2

Your spell library contained the following spells:

 Spells                   Type           Power        Failure   Level
 Freeze                   Ice            100%         0%          1
 Magic Dart               Conj           100%         0%          1
 Shock                    Conj/Air       100%         0%          1
 Ensorcelled Hibernation  Hex/Ice        100%         0%          2
 Searing Ray              Conj           100%         0%          2
 Frozen Ramparts          Ice            100%         0%          3
 Static Discharge         Conj/Air       93%          0%          3
 Animate Skeleton         Necr           62%          1%          1
 Beastly Appendage        Tmut           100%         1%          1
 Corona                   Hex            77%          1%          1
 Foxfire                  Conj/Fire      100%         1%          1
 Pain                     Necr           100%         1%          1
 Summon Small Mammal      Summ           100%         1%          1
 Call Imp                 Summ           31%          1%          2
 Corpse Rot               Necr/Air       N/A          1%          2
 Passwall                 Tmut/Erth      50%          1%          2
 Poisonous Vapours        Pois/Air       100%         1%          2
 Slow                     Hex            70%          1%          2
 Sublimation of Blood     Necr           15%          1%          2
 Wereblood                Tmut           78%          1%          2
 Confusing Touch          Hex            70%          1%          3
 Conjure Flame            Conj/Fire      78%          1%          3
 Dazzling Flash           Conj/Hex       100%         1%          3
 Gell's Gravitas          Tloc           39%          1%          3
 Ignite Poison            Fire/Tmut/Pois 53%          1%          3
 Inner Flame              Hex/Fire       54%          1%          3
 Lesser Beckoning         Tloc           39%          1%          3
 Mephitic Cloud           Conj/Pois/Air  78%          1%          3
 Portal Projectile        Hex/Tloc       100%         1%          3
 Spider Form              Tmut/Pois      30%          1%          3
 Stone Arrow              Conj/Erth      100%         1%          3
 Summon Guardian Golem    Hex/Summ       54%          1%          3
 Teleport Other           Tloc           78%          1%          3
 Tukima's Dance           Hex            70%          1%          3
 Vampiric Draining        Necr           15%          1%          3
 Airstrike                Air            39%          1%          4
 Cause Fear               Hex            35%          1%          4
 Fulminant Prism          Conj/Hex       45%          1%          4
 Ice Form                 Ice/Tmut       93%          1%          4
 Leda's Liquefaction      Hex/Erth       27%          1%          4
 Petrify                  Tmut/Erth      60%          1%          4
 Sticky Flame             Conj/Fire      78%          1%          4
 Summon Ice Beast         Ice/Summ       78%          1%          4
 Alistair's Intoxication  Tmut/Pois      40%          1%          5
 Blade Hands              Tmut           39%          1%          5
 Bolt of Magma            Conj/Fire/Erth 33%          1%          5
 Fireball                 Conj/Fire      39%          1%          5
 Iskenderun's Battlesphe  Conj           100%         1%          5
 Lightning Bolt           Conj/Air       46%          1%          5
 Metabolic Englaciation   Hex/Ice        45%          1%          5
 Silence                  Hex/Air        37%          1%          5
 Summon Forest            Summ/Tloc      30%          1%          5
 Conjure Ball Lightning   Conj/Air       46%          1%          6
 Iron Shot                Conj/Erth      39%          2%          6
 Simulacrum               Ice/Necr       39%          2%          6
 Starburst                Conj/Fire      39%          2%          6
 Animate Dead             Necr           15%          3%          4
 Dispel Undead            Necr           31%          3%          4
 Olgreb's Toxic Radiance  Pois           31%          3%          4
 Invisibility             Hex            70%          4%          6
 Agony                    Necr           31%          11%         5
 Borgnjor's Vile Clutch   Necr/Erth      15%          11%         5
 Excruciating Wounds      Necr           15%          11%         5
 Lee's Rapid Deconstruct  Erth           15%          11%         5
 Eringya's Noxious Bog    Tmut/Pois      30%          11%         6
 Statue Form              Tmut/Erth      40%          11%         6
 Dragon Form              Tmut           39%          12%         7
 Spellforged Servitor     Conj/Summ      39%          12%         7
 Chain Lightning          Conj/Air       46%          17%         8
 Shadow Creatures         Summ           N/A          45%         6
 Absolute Zero            Ice            52%          45%         9
 Malign Gateway           Summ/Tloc      30%          50%         7
 Disjunction              Tloc           39%          63%         8
 Lehudib's Crystal Spear  Conj/Erth      39%          63%         8
 Discord                  Hex            35%          87%         8
 Haunt                    Necr/Summ      15%          95%         7
 Summon Hydra             Summ           15%          95%         7
 Necromutation            Tmut/Necr      30%          98%         8
 Dragon's Call            Summ           15%          100%        9
 Fire Storm               Conj/Fire      39%          100%        9


Dungeon Overview and Level Annotations

Branches:
Dungeon (15/15)            Temple (1/1) D:4            Lair (6/6) D:10
 Shoals (4/4) Lair:4        Snake (4/4) Lair:4        Slime (0/5) Lair:5
    Orc (2/2) D:11            Elf (2/3) Orc:2        Vaults (4/5) D:13
  Crypt (3/3) Vaults:2       Tomb (0/3) Crypt:3      Depths (1/5) D:15
Volcano (visited)          WizLab (visited)

Altars:
Ashenzari
Cheibriados
Dithmenos
Elyvilon
Fedhas
Gozag
Hepliaklqana
Kikubaaqudgha
Makhleb
Nemelex Xobeh
Okawaru
Qazlal
Ru
Sif Muna
Trog
Uskayaw
Vehumet
Wu Jian
Xom
Yredelemnul
Zin
The Shining One
Beogh
Lugonu

Shops:
D:4 =(:}   D:9 ?   D:10 (   D:11 (   Orc:2 *[(=   Elf:1 =   Elf:2 :
Shoals:2 :   Snake:1 ==}*   Snake:3 *   Vaults:2 [   Depths:1 [

Portals:
Hell: Lair:6 Depths:1
Abyss: Elf:1

Annotations:
Snake:3 3 runed translucent doors, Akuuror's ghost, adept GrFi
Depths:1 exclusion: obsidian statue


Innate Abilities, Weirdness & Mutations

You can breathe waves of freezing cold.
You can buffet flying creatures when you breathe cold.
Your icy white scales are hard. (AC +11)
You cannot fit into any form of body armour.
Your flesh is cold resistant. (rC+)
You are cold-blooded and may be slowed by cold attacks.


Message History

You feel strangely unstable.
The crystal guardian fires a crystalline bolt at you.
The crystal bolt burns the crystal guardian.
The crystal guardian completely resists.
The crystal bolt misses you.
The crystal guardian fires a crystalline bolt at you.
The crystal bolt freezes the crystal guardian.
The crystal guardian completely resists.
The crystal bolt freezes you. You resist.
* * * LOW HITPOINT WARNING * * *
You block the crystal guardian's attack.
Unknown command.
Casting: Blink (safe; 1% risk of failure)
Confirm with . or Enter, or press ? or * to list all spells.
You blink.
The crystal guardian fires a crystalline bolt at you.
The crystal bolt burns the crystal guardian.
The crystal guardian completely resists.
The crystal bolt burns you!!!
You die...

##...§.§....#...# ......§.
#≈≈≈≈§§§○≈≈≈≈≈..# ..8.§§8(
#≈#####§#####≈..#
#≈#####8#####≈###
#≈#...8.8...#≈..##
#≈#.).......#[[..#
#≈#.:...|8..#≈...##
#≈#.)!(?..[|#≈.##.#
#≈#}.(....@.#≈'######
##≈#..)!...?.#≈......###
#.≈#.|.:.....#≈........#####
#.≈#"........#≈.............
#.≈#..:.)))..#≈####..##..###
#.≈###########≈# #..#######
#.≈≈≈≈≈≈≈≈≈≈≈≈≈# #.........
#.###.#############...(.....
#...........................


You could see 4 crystal guardians.

Vanquished Creatures
  An ancient lich (WizLab)
  A curse toe (Crypt:3)
  Vashnia (Snake:4)
  Margery (Crypt:1)
  Nikola (Shoals:4)
  A bone dragon (Crypt:3)
  3 liches
  A tentacled monstrosity (Vaults:3)
  A deep elf blademaster (Elf:2)
  9 ancient champions
  Polyphemus (Shoals:4)
  2 sphinxes
  5 nagarajas (Snake:4)
  2 revenants (Crypt:3)
  Ilsuiw (Shoals:3)
  A tengu reaver (Vaults:3)
  4 fire giants
  A deep elf sorcerer (Vaults:1)
  A frost giant (Vaults:4)
  Aizul (Elf:1)
  4 orc warlords
  8 vault wardens
  9 ironheart preservers
  6 very ugly things (Depths:1)
  3 curse skulls
  15 ghouls
  6 stone giants
  A juggernaut skeleton (Crypt:1)
  The ghost of Qeimiotua the Blocker, a journeyman MiFi of Okawaru (Lair:5)
  6 vampire knights
  A deep elf demonologist (Vaults:1)
  2 deep elf annihilators
  An entropy weaver (Vaults:1)
  2 dire elephants (Lair:6)
  4 eidola
  3 ettins
  A bunyip (shapeshifter) (Vaults:3)
  2 merfolk javelineers (Shoals:3)
  8 deep elf death magi
  2 mummy priests
  3 fire dragons
  6 jiangshi
  10 merfolk impalers
  Snorg (D:14)
  11 yaktaur captains
  A hydra (shapeshifter) (Vaults:3)
  14 hydras
  A rakshasa (Depths:1)
  4 vault guards
  16 naga warriors
  A hell beast (Depths:1)
  9 ice dragons
  7 boulder beetles
  9 centaur warriors
  2 catoblepae
  4 merfolk avatars
  2 death knights
  21 anacondas
  6 merfolk aquamancers
  3 alligator snapping turtles
  20 dancing weapons
  2 alligators (Snake:3)
  23 two-headed ogres
  A two-headed ogre (shapeshifter) (D:15)
  4 ogre magi
  12 death yaks
  2 tengu warriors (Depths:1)
  7 deep troll shamans
  6 deep troll earth magi
  17 naga sharpshooters
  3 vampire magi (Crypt:3)
  3 orc high priests
  10 shock serpents
  14 deep elf knights
  6 hell knights (Crypt:1)
  4 soul eaters
  Urug (Orc:2)
  2 sun demons
  Nergalle (Lair:4)
  6 shadow wraiths
  4 iron trolls (Depths:1)
  8 salamander mystics
  19 skeletal warriors
  2 fire crabs (Shoals:3)
  A storm dragon skeleton (Crypt:3)
  2 unseen horrors
  A spark wasp zombie (WizLab)
  22 deep trolls
  A kraken simulacrum (Shoals:4)
  An orange crystal statue (Depths:1)
  4 flayed ghosts
  13 sea snakes
  4 wizards
  A swamp dragon (Snake:3)
  5 bog bodies
  11 naga ritualists
  An anaconda zombie (Crypt:3)
  13 ironbrand convokers
  An obsidian statue (Vaults:3)
  A bunyip skeleton (Crypt:3)
  2 glowing orange brains
  Pikel (D:5)
  23 harpies
  3 phantasmal warriors (Crypt:1)
  5 lindwurms
  2 deep elf archers
  23 mana vipers
  20 orc knights
  2 wolf spiders
  39 deep elf magi
  2 necromancers (Vaults:3)
  5 cyclopes
  48 ugly things
  14 salamanders
  5 fauns (Shoals:1)
  11 orc sorcerers
  An oklob plant (Shoals:2)
  14 manticores
  8 elephants
  Maurice (Orc:1)
  3 centaur zombies
  12 merfolk sirens
  2 salamanders (shapeshifter)
  A frost giant skeleton (Crypt:2)
  8 guardian serpents
  An iron dragon skeleton (Crypt:2)
  13 water nymphs
  A water nymph (shapeshifter) (D:13)
  A stone giant skeleton (Crypt:3)
  27 naga magi
  A rust devil (Depths:1)
  60 black mambas
  A black mamba (shapeshifter) (Vaults:4)
  6 vault sentinels
  A fire giant skeleton (Vaults:3)
  2 gargoyles (D:15)
  A dire elephant skeleton (Crypt:3)
  An orange demon (Lair:6)
  6 rime drakes
  An elephant slug zombie (Crypt:2)
  10 cane toads
  2 kobold demonologists (D:15)
  A komodo dragon (shapeshifter) (Vaults:4)
  A spriggan zombie (WizLab)
  16 komodo dragons
  2 human zombies (WizLab)
  3 yaktaur zombies
  34 yaktaurs
  3 ice devils
  A hellwing (Lair:6)
  12 guardian mummies
  11 freezing wraiths
  5 tengu conjurers
  The ghost of iamserjio the Chopper, an amateur DDFi (D:5)
  6 trolls
  A jumping spider (shapeshifter) (D:15)
  A harpy zombie (Crypt:3)
  7 red devils
  30 merfolk
  A merfolk (shapeshifter) (Vaults:3)
  3 polar bears (Lair:6)
  A troll (shapeshifter) (D:15)
  A wind drake (shapeshifter) (Elf:2)
  Grinder (D:5)
  6 hornets
  A polar bear (shapeshifter) (Depths:1)
  A queen bee (Orc:1)
  5 wind drakes
  A pale draconian skeleton (Crypt:3)
  Prince Ribbit (D:8)
  A tyrant leech (Snake:3)
  An alligator zombie (Crypt:3)
  28 slime creatures
  2 fire dragon zombies (WizLab)
  2 human simulacra
  An ice dragon zombie (WizLab)
  22 blink frogs
  9 snapping turtles
  4 dream sheep
  A deep troll zombie (WizLab)
  A meliai zombie (D:14)
  Sigmund (D:4)
  A centaur simulacrum (D:15)
  12 spriggans (Lair:4)
  3 air elementals
  21 flying skulls (Crypt:1)
  An ettin skeleton (Crypt:3)
  10 wraiths
  A shadow (D:13)
  A tarantella (shapeshifter) (Vaults:4)
  2 vampires (Crypt:3)
  An alligator skeleton (Crypt:3)
  4 redbacks (Vaults:1)
  A spriggan (shapeshifter) (Vaults:2)
  A basilisk (shapeshifter) (D:15)
  51 yaks
  6 wyverns
  An elf zombie (WizLab)
  2 steam dragons (Volcano)
  A fire bat (shapeshifter) (Vaults:1)
  11 basilisks
  10 fire bats
  11 water elementals
  A fire elemental (Elf:1)
  A golden eye (shapeshifter) (D:13)
  A yaktaur simulacrum (Vaults:2)
  5 vampire mosquitoes
  11 wargs
  54 nagas
  A two-headed ogre zombie (Crypt:1)
  A gelid demonspawn zombie (WizLab)
  5 swamp worms (Snake:3)
  Edmund (D:5)
  2 acid dragons
  17 water moccasins
  A deep troll skeleton (Vaults:3)
  6 hell hounds
  3 black bears (D:8)
  52 orc warriors
  An ice beast (D:12)
  5 sky beasts
  A cane toad skeleton (Crypt:1)
  2 eyes of draining
  6 phantoms
  6 necrophages
  27 ogres
  15 wolves
  9 boggarts
  A torpor snail zombie (Crypt:3)
  2 lemures (D:5)
  12 centaurs
  A snapping turtle skeleton (Crypt:3)
  7 big kobolds
  A salamander zombie (Crypt:2)
  Blork the orc (D:5)
  19 bullfrogs
  A gnoll sergeant (D:8)
  2 earth elementals (Elf:2)
  A human skeleton (Vaults:3)
  A wyvern zombie (D:14)
  8 scorpions
  A wyvern skeleton (D:8)
  A queen bee zombie (Crypt:1)
  A water moccasin skeleton (Crypt:2)
  30 killer bees
  25 wights
  6 howler monkeys
  9 crimson imps (Depths:1)
  2 bullfrog zombies
  2 quasits
  A wyvern simulacrum (D:14)
  A black bear zombie (Crypt:3)
  4 iron imps (Depths:1)
  2 jellies
  26 orc priests
  Crazy Yiuf (D:5)
  5 bullfrog skeletons
  6 hounds
  25 orc wizards
  10 centaur skeletons
  A soldier ant zombie (Crypt:1)
  2 iguanas
  Natasha (thrice) (D:2)
  9 worker ants
  A dwarf zombie (Crypt:1)
  A big kobold skeleton (Crypt:1)
  A deep dwarf skeleton (Crypt:2)
  A felid skeleton (Crypt:3)
  A hound zombie (D:7)
  2 mummies (Crypt:3)
  2 hound skeletons (D:4)
  Robin (D:2)
  5 gnolls
  A river rat (D:10)
  17 adders
  4 shadow imps
  9 white imps
  An ufetubus (D:7)
  An adder skeleton (D:8)
  A halfling skeleton (Crypt:3)
  2 worms (D:2)
  A dart slug (D:4)
  6 leopard geckos
  88 orcs
  A bat zombie (Crypt:2)
  4 giant cockroaches
  A gnoll zombie (Crypt:1)
  12 hobgoblins
  7 jackals
  10 quokkas
  A ball python (D:2)
  A ball python skeleton (D:3)
  15 bats
  3 frilled lizards
  15 goblins
  19 kobolds
  An orc zombie (Crypt:3)
  A quokka skeleton (D:8)
  2 rats
  A tentacle (Shoals:4)
1990 creatures vanquished.

Vanquished Creatures (collateral kills)
  A sphinx (Vaults:3)
1 creature vanquished.

Vanquished Creatures (others)
  A snapping turtle (Shoals:4)
  101 fulminant prisms
  50 fungi
  A lurking horror (Elf:1)
  172 plants
  3 tentacles (Shoals:4)
328 creatures vanquished.

Grand Total: 2319 creatures vanquished

Notes
Turn   | Place    | Note
-------+----------+-------------------------------------------
     0 | D:1      | dracos369 the Draconian Conjurer began the quest for the
                  | Orb.
     0 | D:1      | Reached XP level 1. HP: 14/14 MP: 3/3
   175 | D:1      | Reached XP level 2. HP: 20/20 MP: 1/5
   846 | D:2      | Reached skill level 5 in Conjurations
   968 | D:2      | Reached XP level 3. HP: 26/26 MP: 4/6
  1115 | D:2      | Noticed Natasha
  1123 | D:2      | Killed Natasha
  1127 | D:2      | Learned a level 2 spell: Searing Ray
  1368 | D:2      | Reached XP level 4. HP: 33/33 MP: 4/7
  1427 | D:2      | Noticed Natasha
  1429 | D:2      | Killed Natasha
  1500 | D:2      | Found a hazy altar of Hepliaklqana.
  1628 | D:2      | Found an opulent altar of Gozag.
  1628 | D:2      | Noticed Robin
  1628 | D:2      | Noticed Natasha
  1671 | D:2      | Killed Robin
  1679 | D:2      | Killed Natasha
  1680 | D:2      | Reached XP level 5. HP: 28/38 MP: 0/8
  1785 | D:2      | Noticed a phantom
  1801 | D:2      | Killed a phantom
  1802 | D:2      | Reached skill level 1 in Evocations
  2237 | D:3      | Reached XP level 6. HP: 21/45 MP: 5/9
  3059 | D:3      | Found a shimmering blue altar of Sif Muna.
  3072 | D:3      | Became a worshipper of Sif Muna the Loreminder
  3078 | D:3      | Learned a level 4 spell: Fulminant Prism
  3336 | D:4      | Found Usta's Book Shoppe.
  3408 | D:4      | Found Istram's Gadget Emporium.
  3530 | D:5      | Entered Level 5 of the Dungeon
  3533 | D:5      | Noticed Blork the orc
  3536 | D:5      | Found a sacrificial altar of Ru.
  3537 | D:5      | Got a bloodstained buckler
  3543 | D:5      | Identified the +5 buckler "Loommo Roecy" {Int+3} (You found
                  | it on level 5 of the Dungeon)
  3632 | D:5      | Noticed Grinder
  3640 | D:5      | Paralysed by Grinder for 4 turns
  3649 | D:5      | Killed Grinder
  3650 | D:5      | Reached skill level 1 in Fighting
  3650 | D:5      | Reached skill level 1 in Shields
  3650 | D:5      | Reached skill level 1 in Invocations
  3650 | D:5      | Your scales start taking on an icy white colour.
  3650 | D:5      | Reached XP level 7. HP: 43/53 MP: 1/10
  3650 | D:5      | Gained mutation: Your flesh is cold resistant. (rC+) [White
                  | Draconian growth]
  3742 | D:5      | Found a runed translucent door.
  3742 | D:5      | Noticed iamserjio's ghost (amateur DDFi)
  4066 | D:4      | Noticed Sigmund
  4067 | D:4      | Found Plog's Weapon Boutique.
  4068 | D:4      | Found Ziuxioqife's Jewellery Boutique.
  4074 | D:4      | Killed Sigmund
  4075 | D:4      | Reached XP level 8. HP: 60/63 MP: 11/11
  4236 | D:4      | Reached skill level 1 in Hexes
  4241 | D:4      | Learned a level 4 spell: Iskenderun's Mystic Blast
  4360 | D:4      | Reached * piety under Sif Muna
  4602 | D:4      | Found a staircase to the Ecumenical Temple.
  4671 | Temple   | Entered the Ecumenical Temple
  5008 | D:5      | Noticed Pikel
  5034 | D:5      | HP: 4/99 [Pikel/+2 whip of electrocution (19)]
  5037 | D:5      | Killed Pikel
  5443 | D:5      | Found the +3 hat of Pondering {ponderous, Will+ MP+10
                  | Int+5}
  5460 | D:5      | Noticed Edmund
  5472 | D:5      | Killed Edmund
  5755 | D:5      | Reached XP level 9. HP: 67/70 MP: 2/12
  5938 | D:5      | Killed Blork the orc
  5939 | D:5      | Reached skill level 5 in Invocations
  6182 | D:5      | Found a runed translucent door.
  6183 | D:5      | Noticed Crazy Yiuf
  6469 | D:5      | Killed iamserjio's ghost
  6470 | D:5      | Reached skill level 5 in Fighting
  6584 | D:5      | Killed Crazy Yiuf
  6697 | D:6      | Found a glowing golden altar of the Shining One.
  6991 | D:6      | Found a white marble altar of Elyvilon.
  7036 | D:6      | Reached skill level 1 in Translocations
  7289 | D:6      | Reached ** piety under Sif Muna
  8618 | D:7      | Found a broken altar of Ashenzari.
  8622 | D:7      | Saw a vision of the Shoals and the Snake Pit.
  8622 | D:7      | Noticed a naga ritualist
  8622 | D:7      | Noticed a naga mage
  8622 | D:7      | Noticed a salamander
  8622 | D:7      | Noticed a wind drake
  8622 | D:7      | Noticed a sea snake
  8622 | D:7      | Noticed a merfolk
  8622 | D:7      | Noticed a merfolk
  8622 | D:7      | Noticed a merfolk
  8622 | D:7      | Noticed a merfolk siren
  8622 | D:7      | Noticed a merfolk
  8622 | D:7      | Noticed a wind drake
  8623 | D:7      | Noticed a naga warrior
  8896 | D:8      | Noticed Prince Ribbit
  8978 | D:8      | Reached XP level 10. HP: 69/84 MP: 6/14
  8988 | D:8      | Killed Prince Ribbit
  8988 | D:8      | Reached *** piety under Sif Muna
  9277 | D:8      | Found the +8 autumn katana {vorpal, Clar}
  9310 | D:8      | Noticed a two-headed ogre
  9324 | D:7      | Killed a two-headed ogre
  9436 | D:8      | Found a burning altar of Makhleb.
  9484 | D:8      | Reached skill level 5 in Hexes
  9539 | D:8      | Reached **** piety under Sif Muna
  9829 | D:8      | Reached skill level 1 in Long Blades
 10145 | D:9      | Found a shadowy altar of Dithmenos.
 10192 | D:9      | Found Kamnaeca's Magic Scroll Boutique.
 10196 | D:9      | Bought a scroll of teleportation for 39 gold pieces
 10196 | D:9      | Bought a scroll of fear for 45 gold pieces
 10196 | D:9      | Bought a scroll of enchant armour for 97 gold pieces
 10196 | D:9      | Bought a scroll of magic mapping for 45 gold pieces
 10270 | D:9      | Noticed a two-headed ogre
 10284 | D:9      | Killed a two-headed ogre
 10285 | D:9      | Reached skill level 10 in Conjurations
 10874 | D:9      | Got a pair of buzzing boots
 10885 | D:9      | Identified the +3 pair of boots of Disappointment {Rampage}
                  | (You found it on level 9 of the Dungeon)
 11006 | D:10     | Entered Level 10 of the Dungeon
 11018 | D:10     | Reached skill level 5 in Translocations
 11065 | D:10     | Reached XP level 11. HP: 92/92 MP: 7/16
 11224 | D:10     | Found Hemoe's Antique Weapon Boutique.
 11270 | D:10     | Reached ***** piety under Sif Muna
 11351 | D:10     | Noticed a death yak
 11355 | D:10     | Noticed a death yak
 11357 | D:10     | Noticed a death yak
 11367 | D:10     | Identified Qonoaceg's Incunabulum of Venom (Sif Muna gifted
                  | it to you on level 10 of the Dungeon)
 11367 | D:10     | Received a gift from Sif Muna
 11374 | D:10     | Killed a death yak
 11381 | D:10     | Killed a death yak
 11381 | D:10     | Killed a death yak
 11632 | D:10     | Found a staircase to the Lair.
 12094 | D:11     | Found a staircase to the Orcish Mines.
 12095 | D:11     | Found a roughly hewn altar of Beogh.
 12109 | D:11     | Noticed a two-headed ogre
 12118 | D:11     | Killed a two-headed ogre
 12219 | Orc:1    | Entered Level 1 of the Orcish Mines
 12417 | Orc:1    | Noticed an orc sorcerer
 12418 | Orc:1    | Paralysed by an orc sorcerer for 5 turns
 12426 | Orc:1    | Killed an orc sorcerer
 12541 | Orc:1    | Noticed an orc sorcerer
 12551 | Orc:1    | Killed an orc sorcerer
 12633 | Orc:2    | Entered Level 2 of the Orcish Mines
 12639 | Orc:2    | Noticed an orc warlord
 12640 | Orc:2    | Found a flickering gateway to a bazaar.
 12654 | Bazaar   | Entered a bazaar
 12689 | Bazaar   | Found Ysufov's Gadget Shop.
 12720 | Bazaar   | Found Pifexzel's Gadget Shop.
 12753 | Bazaar   | Found Uni Muafim's Distillery.
 12773 | Bazaar   | Found Gokker Haq's Distillery.
 12781 | Bazaar   | Bought a potion of cancellation for 88 gold pieces
 12781 | Bazaar   | Bought a potion of mutation for 88 gold pieces
 12781 | Bazaar   | Bought a potion of heal wounds for 55 gold pieces
 12809 | Bazaar   | Bought a potion of curing for 27 gold pieces
 12809 | Bazaar   | Bought a potion of haste for 90 gold pieces
 12809 | Bazaar   | Bought a potion of might for 36 gold pieces
 12809 | Bazaar   | Bought a potion of brilliance for 36 gold pieces
 12809 | Bazaar   | Bought a potion of might for 36 gold pieces
 12831 | Bazaar   | Bought a potion of curing for 33 gold pieces
 12831 | Bazaar   | Bought a potion of brilliance for 44 gold pieces
 12831 | Bazaar   | Bought a potion of might for 44 gold pieces
 12831 | Bazaar   | Bought a potion of might for 44 gold pieces
 12852 | Orc:2    | Noticed an orc warlord
 12914 | Orc:2    | Noticed an orc sorcerer
 12924 | Orc:2    | Killed an orc sorcerer
 12945 | Orc:1    | Noticed Maurice
 13364 | Orc:1    | Reached skill level 5 in Long Blades
 13610 | Orc:2    | Found a roughly hewn altar of Beogh.
 13610 | Orc:2    | Found Risi's General Store.
 13610 | Orc:2    | Noticed an orc sorcerer
 13610 | Orc:2    | Noticed an orc warlord
 13610 | Orc:2    | Noticed an orc sorcerer
 13610 | Orc:2    | Noticed Urug
 13610 | Orc:2    | Noticed an orc knight
 13610 | Orc:2    | Noticed an orc sorcerer
 13610 | Orc:2    | Noticed an orc knight
 13876 | Orc:1    | Killed Maurice
 13876 | Orc:1    | Identified Sif Muna's Tome of Shape Shifting and
                  | Weightlessness (Sif Muna gifted it to you on level 1 of the
                  | Orcish Mines)
 13876 | Orc:1    | Received a gift from Sif Muna
 13877 | Orc:1    | Reached XP level 12. HP: 90/100 MP: 5/19
 13890 | Orc:1    | Learned a level 3 spell: Dazzling Flash
 14152 | D:11     | Learned a level 1 spell: Apportation
 14393 | D:11     | Found the ring of Shadows {Umbra +Inv Stlth+}
 14398 | D:11     | Found Esamanad's Weapon Shop.
 14950 | D:11     | Paralysed by a centaur for 4 turns
 15075 | D:11     | Noticed a boulder beetle
 15100 | D:11     | Killed a boulder beetle
 15325 | Lair:1   | Entered Level 1 of the Lair of Beasts
 15342 | Lair:1   | Noticed an eight-headed hydra
 15351 | Lair:1   | Killed an eight-headed hydra
 15380 | Lair:1   | Reached skill level 10 in Invocations
 15381 | Lair:1   | Found a dark tunnel.
 15390 | Volcano  | Entered a volcano
 15531 | Volcano  | Noticed a two-headed ogre
 15544 | Volcano  | Killed a two-headed ogre
 15545 | Volcano  | Reached skill level 5 in Dodging
 15574 | Volcano  | Noticed a two-headed ogre
 15582 | Volcano  | Killed a two-headed ogre
 15613 | Volcano  | Noticed a two-headed ogre
 15619 | Volcano  | Killed a two-headed ogre
 15634 | Volcano  | Noticed a two-headed ogre
 15636 | Volcano  | Noticed a two-headed ogre
 15638 | Volcano  | Killed a two-headed ogre
 15644 | Volcano  | Killed a two-headed ogre
 15713 | Volcano  | Noticed a fire dragon
 15731 | Volcano  | Killed a fire dragon
 15732 | Volcano  | Reached XP level 13. HP: 23/105 MP: 21/21
 15973 | Lair:1   | Identified a scroll of acquirement
 15981 | Lair:1   | Acquired the ring "Ybahopa" {+Inv Int+6}
 17541 | Lair:2   | Identified Sif Muna's Handbook of Lethal Calling (Sif Muna
                  | gifted it to you on level 2 of the Lair of Beasts)
 17541 | Lair:2   | Received a gift from Sif Muna
 19191 | Lair:3   | Learned a level 4 spell: Hailstorm
 20072 | Lair:4   | Found a staircase to the Snake Pit.
 20612 | Lair:4   | Reached skill level 5 in Stealth
 20622 | Lair:4   | Reached XP level 14. HP: 115/115 MP: 5/22
 20781 | Lair:4   | Found a staircase to the Shoals.
 20839 | Lair:4   | Identified Vegramis's Guide on Supportive Earth (Sif Muna
                  | gifted it to you on level 4 of the Lair of Beasts)
 20839 | Lair:4   | Received a gift from Sif Muna
 20840 | Lair:4   | Reached skill level 1 in Ice Magic
 20873 | Lair:4   | Noticed Nergalle
 20886 | Lair:4   | Killed Nergalle
 22045 | Lair:5   | Noticed Qeimiotua's ghost (journeyman MiFi)
 22266 | Lair:5   | Found a runed translucent door.
 22292 | Lair:5   | Reached skill level 5 in Spellcasting
 23408 | Lair:5   | Found a staircase to the Slime Pits.
 23951 | Lair:6   | Entered Level 6 of the Lair of Beasts
 23993 | Lair:6   | Reached skill level 5 in Ice Magic
 23995 | Lair:6   | Identified Sif Muna's Disquisition on the Frigorific
                  | Traveller (Sif Muna gifted it to you on level 6 of the Lair
                  | of Beasts)
 23995 | Lair:6   | Received a gift from Sif Muna
 24179 | Lair:6   | Reached skill level 10 in Long Blades
 24956 | Lair:6   | Reached XP level 15. HP: 106/126 MP: 13/24
 25200 | Lair:6   | Reached skill level 10 in Fighting
 25504 | Lair:6   | Found a burning altar of Makhleb.
 25822 | Lair:6   | Found a gateway to Hell.
 26227 | D:4      | Bought the ring of the Mage {Wiz Will++ Int+3} for 723 gold
                  | pieces
 26227 | D:4      | Found the ring of the Mage {Wiz Will++ Int+3}
 26421 | Orc:2    | Killed an orc warlord
 26440 | Orc:2    | Identified Sif Muna's Compendium of Weightlessness and
                  | Arcane Weapons (Sif Muna gifted it to you on level 2 of the
                  | Orcish Mines)
 26440 | Orc:2    | Received a gift from Sif Muna
 26445 | Orc:2    | Killed an orc warlord
 26762 | Orc:2    | Killed Urug
 27067 | Orc:2    | Found Uqetrus's Jewellery Emporium.
 27100 | Orc:2    | Killed an orc warlord
 27180 | Orc:2    | Found Baklia's Antique Weapon Emporium.
 27293 | Orc:2    | Found a staircase to the Elven Halls.
 27337 | Orc:2    | Found Usun's Antique Armour Emporium.
 28629 | Elf:1    | Entered Level 1 of the Elven Halls
 28732 | Elf:1    | Found a one-way gate to the infinite horrors of the Abyss.
 28733 | Elf:1    | Found a corrupted altar of Lugonu.
 29253 | Elf:1    | Identified the +0 cloak of the Depths {-Tele rElec Will+
                  | Str+2} (You found it on level 1 of the Elven Halls)
 29555 | Elf:1    | Noticed Aizul
 29705 | Elf:1    | Identified the Disquisition on Arcane Weapons
 29808 | Elf:1    | Found Rip Yjot's Jewellery Boutique.
 29943 | Elf:1    | Bought the ring "Yghiurr" {rPois rF+ Dex+6} for 634 gold
                  | pieces
 30390 | Snake:1  | Entered Level 1 of the Snake Pit
 30416 | Snake:1  | Identified Ruoxof's Collected Works on Lightness (Sif Muna
                  | gifted it to you on level 1 of the Snake Pit)
 30416 | Snake:1  | Received a gift from Sif Muna
 30423 | Snake:1  | Learned a level 2 spell: Swiftness
 31046 | Snake:1  | Reached XP level 16. HP: 128/134 MP: 16/28
 31759 | Snake:1  | Found Goemnomeu's Assorted Antiques.
 32422 | Snake:1  | Found Raasuyck's Gadget Boutique.
 32422 | Snake:1  | Found Cionk's Jewellery Emporium.
 32423 | Snake:1  | Found Kuskasax's Jewellery Emporium.
 32844 | Snake:2  | Reached skill level 10 in Ice Magic
 33357 | Snake:2  | Identified the +9 hand axe "Tyfoasmy" {flame, Str+2 Int+4}
 33779 | Snake:3  | Reached skill level 15 in Invocations
 34235 | Snake:3  | Found a runed translucent gate.
 34298 | Snake:3  | Identified the ring "Vaunt" {*Contam Will++ EV+4 Int+4}
 34389 | Snake:3  | Received a gift from Sif Muna
 34394 | Snake:3  | Learned a level 2 spell: Blink
 34399 | Snake:3  | Learned a level 4 spell: Passage of Golubria
 34664 | Snake:3  | Found Saity's General Store.
 34747 | Snake:3  | Bought a potion of heal wounds for 90 gold pieces
 35738 | Snake:3  | Noticed Akuuror's ghost (adept GrFi)
 35959 | Snake:3  | Found a runed translucent gate.
 36066 | Snake:3  | Found a runed translucent gate.
 36759 | Shoals:1 | Entered Level 1 of the Shoals
 36897 | Shoals:1 | Reached XP level 17. HP: 140/140 MP: 24/29
 36987 | Shoals:1 | Reached skill level 15 in Conjurations
 38530 | Shoals:2 | Found a radiant altar of Vehumet.
 38899 | Shoals:2 | You fall into a shaft and drop 1 floor!
 39327 | Shoals:3 | Acquired the amulet "Herahiz" {RegenMP rPois Slay+2 SInv}
 39375 | Shoals:3 | Identified Neiriowk's Papyrus of the Glacier (Sif Muna
                  | gifted it to you on level 3 of the Shoals)
 39375 | Shoals:3 | Received a gift from Sif Muna
 39381 | Shoals:3 | Learned a level 3 spell: Frozen Ramparts
 40126 | Shoals:2 | Found Deqep's Book Emporium.
 40776 | Shoals:3 | Noticed Ilsuiw
 41191 | Shoals:3 | Killed Ilsuiw
 41469 | Shoals:4 | Entered Level 4 of the Shoals
 41473 | Shoals:4 | Noticed Nikola
 41951 | Shoals:3 | Learned a level 7 spell: Orb of Destruction
 42071 | Shoals:4 | Reached skill level 5 in Evocations
 42383 | Shoals:4 | HP: 2/140 [merfolk siren/+0 spear (18)]
 43047 | Shoals:4 | Got a barnacled rune of Zot
 43102 | Shoals:4 | Killed Nikola
 43108 | Shoals:4 | Identified the +7 hand axe of the Spider {venom, *Rage
                  | rPois Int+3 SInv}
 43126 | Shoals:4 | Identified Sif Muna's Papyrus of Enchantment and the
                  | Traveller (Sif Muna gifted it to you on level 4 of the
                  | Shoals)
 43126 | Shoals:4 | Received a gift from Sif Muna
 43455 | Shoals:4 | Reached XP level 18. HP: 111/147 MP: 31/31
 43637 | Shoals:4 | Learned a level 6 spell: Ozocubu's Refrigeration
 43799 | Shoals:4 | Noticed Polyphemus
 43812 | Shoals:4 | Killed Polyphemus
 45593 | Snake:4  | Entered Level 4 of the Snake Pit
 45806 | Snake:4  | Reached skill level 10 in Spellcasting
 46126 | Snake:4  | Noticed Vashnia
 46128 | Snake:4  | Identified Sif Muna's Grimoire of Twisted Arcane Weapons
                  | (Sif Muna gifted it to you on level 4 of the Snake Pit)
 46128 | Snake:4  | Received a gift from Sif Muna
 46147 | Snake:4  | Killed Vashnia
 47478 | Snake:4  | Reached XP level 19. HP: 105/154 MP: 34/34
 47643 | Snake:4  | Received a gift from Sif Muna
 47669 | Snake:4  | Learned a level 3 spell: Ozocubu's Armour
 48479 | Snake:4  | Reached skill level 15 in Ice Magic
 48499 | Snake:4  | Got a serpentine rune of Zot
 48726 | Lair:5   | Killed Qeimiotua's ghost
 48980 | D:13     | Found a gate to the Vaults.
 48990 | D:13     | Reached skill level 10 in Evocations
 50264 | D:14     | Noticed Snorg
 50279 | D:14     | Killed Snorg
 50675 | D:14     | Identified Sif Muna's Tome of Icy Ignition (Sif Muna gifted
                  | it to you on level 14 of the Dungeon)
 50675 | D:14     | Received a gift from Sif Muna
 51143 | D:15     | Entered Level 15 of the Dungeon
 51821 | D:15     | Found a stormy altar of Qazlal.
 52485 | D:15     | Found a staircase to the Depths.
 52930 | Elf:1    | Killed Aizul
 53248 | Elf:2    | Found Xicon's Book Boutique.
 53511 | Elf:2    | Identified Sif Muna's Tome of Dusty Confrontation (Sif Muna
                  | gifted it to you on level 2 of the Elven Halls)
 53511 | Elf:2    | Received a gift from Sif Muna
 53527 | Elf:2    | Identified the +3 leather armour "Ichanle" {Str+4} (You
                  | found it on level 2 of the Elven Halls)
 53770 | Elf:2    | Reached XP level 20. HP: 150/167 MP: 36/36
 54073 | Elf:2    | Found a runed translucent gate.
 54073 | Elf:2    | Found a runed translucent gate.
 54073 | Elf:2    | Found a runed translucent gate.
 55058 | Elf:2    | Learned a level 5 spell: Yara's Violent Unravelling
 55244 | Vaults:1 | Entered Level 1 of the Vaults
 55257 | Vaults:1 | Reached skill level 1 in Transmutations
 55435 | Vaults:1 | Found a magical portal.
 55455 | WizLab   | Entered Doroklohe's Tomb
 55723 | WizLab   | Received a gift from Sif Muna
 55748 | WizLab   | Noticed an ancient lich
 55767 | WizLab   | Killed an ancient lich
 56116 | WizLab   | Reached skill level 10 in Dodging
 56240 | WizLab   | Acquired a +0 hat of intelligence
 57736 | Vaults:2 | Found Urifoxt's Antique Armour Emporium.
 57827 | Vaults:2 | Reached XP level 21. HP: 180/180 MP: 25/37
 57828 | Vaults:2 | Reached skill level 5 in Transmutations
 58732 | Vaults:2 | Found a staircase to the Crypt.
 58947 | Vaults:2 | Received a gift from Sif Muna
 61214 | D:10     | Upgraded the game from 0.26.0-16-gc1dbca0489 to
                  | 0.26.0-18-gc5c842f807
 61462 | Vaults:3 | Reached skill level 1 in Air Magic
 61656 | Vaults:3 | Found a transporter.
 61665 | Vaults:3 | Found a transporter.
 62553 | Vaults:3 | Identified Sif Muna's Handbook of Frigorific Confrontation
                  | (Sif Muna gifted it to you on level 3 of the Vaults)
 62553 | Vaults:3 | Received a gift from Sif Muna
 63302 | Vaults:3 | Identified the cursed +0 cloak "Ahefo" {MP-9 Str+4 Int+2
                  | SInv} (You found it on level 3 of the Vaults)
 64649 | Vaults:4 | Found a roughly hewn altar of Beogh.
 65798 | Vaults:4 | Reached XP level 22. HP: 191/191 MP: 39/39
 65814 | Vaults:4 | Learned a level 5 spell: Irradiate
 65917 | Crypt:1  | Entered Level 1 of the Crypt
 65917 | Crypt:1  | Noticed Margery
 65922 | Crypt:1  | Killed Margery
 66017 | Crypt:1  | Identified Sif Muna's Catalogue of Battle Magic (Sif Muna
                  | gifted it to you on level 1 of the Crypt)
 66017 | Crypt:1  | Received a gift from Sif Muna
 66061 | Crypt:1  | Reached skill level 15 in Fighting
 66061 | Crypt:1  | Reached skill level 5 in Air Magic
 66248 | Crypt:1  | Found the +3 giant club "Skullcrusher" {speed, Str+7}
 67996 | Crypt:1  | Found an ancient bone altar of Kikubaaqudgha.
 68294 | D:10     | Learned a level 6 spell: Freezing Cloud
 68556 | Crypt:2  | Received a gift from Sif Muna
 69376 | Crypt:3  | Entered Level 3 of the Crypt
 70805 | Crypt:3  | HP: 5/148 [ancient champion/bolt of negative energy (30)]
 71283 | Crypt:3  | Identified the ring of Wishful Thinking {rN+ Int+4 SInv
                  | Stlth+}
 71392 | Crypt:3  | Found an ancient bone altar of Kikubaaqudgha.
 71394 | Crypt:3  | Found a basalt altar of Yredelemnul.
 71394 | Crypt:3  | Noticed a curse toe
 71403 | Crypt:3  | Killed a curse toe
 71406 | Crypt:3  | Got a pitted brass ring
 71406 | Crypt:3  | Got a translucent pewter ring
 71407 | Crypt:3  | Identified the ring of Niesal {+Inv rN+} (You found it on
                  | level 3 of the Crypt)
 71408 | Crypt:3  | Identified the ring "Nebluguor" {+Blink rN+ Str-4 Int+8
                  | Stlth+} (You found it on level 3 of the Crypt)
 72140 | Crypt:3  | Found a staircase to the Tomb.
 72146 | Crypt:3  | Identified Sif Muna's Guide on Enthralling Transformation
                  | (Sif Muna gifted it to you on level 3 of the Crypt)
 72146 | Crypt:3  | Received a gift from Sif Muna
 72862 | Crypt:3  | Identified the cursed +1 robe of Beogh's Indignation
                  | {Will+}
 72967 | Crypt:3  | Reached XP level 23. HP: 181/187 MP: 29/41
 73348 | Depths:1 | Entered Level 1 of the Depths
 74013 | Depths:1 | Reached skill level 15 in Spellcasting
 74132 | Depths:1 | Found Ziwn's Antique Armour Emporium.
 74233 | Depths:1 | Identified Sif Muna's Volume of Hurtful Darkness (Sif Muna
                  | gifted it to you on level 1 of the Depths)
 74233 | Depths:1 | Received a gift from Sif Muna
 75365 | Depths:1 | Found a runed translucent door.
 75369 | Depths:1 | Found the +7 captain's cutlass {speed, disarm}
 75398 | Depths:1 | Killed from afar by a crystal guardian

Illustrated notes

Levels and vault maps discovered:
D:1:      dpeg_arrival_tiny_a, layout_rooms
D:2:      layout_basic, nzn_hepliaklqana_mist_gate,
          nicolae_overflow_crystal_walls, uniq_natasha, uniq_robin
D:3:      layout_loops_ring, tgw_sif, minmay_tree_intersection
D:4:      layout_gridville, minmay_temple_entry_proselytizer, serial_shops,
          shop, shop_statue, shop, shop, uniq_sigmund
D:5:      cheibrodos_thug_alley, layout_rooms, nicolae_ru_sacrificial_ziggurat,
          serial_co_window_serial, co_window_paths_a, co_window_paths_a,
          co_window_of_opportunity_a, co_window_corner_a, co_window_corner_a,
          co_window_cross_2, co_window_paths_c, co_window_2corner,
          co_window_cross_4, glass_columns_a, glass_columns_a, glass_columns_b,
          hellmonk_ghost_happy_afterlife, uniq_grinder, uniq_pikel,
          uniq_crazy_yiuf_cottage, uniq_edmund, uniq_blork_the_orc
D:6:      layout_basic, elyvilon_altar_1, old_standard_altar
D:7:      layout_rooms, kennysheep_path_1, hangedman_decor_growths,
          minmay_crystal_room, grunt_ashenzari_visionary
          [grunt_ashenzari_visionary_shoals, grunt_ashenzari_visionary_snake]
D:8:      layout_loops_ring, overflow_temple_1_default, special_room
          [special_room_orc], uniq_prince_ribbit1
D:9:      layout_rooms, nicolae_dithmenos_shadow_blocks, serial_shops, shop,
          roderic_lattice_a, minmay_unpleasant_kobolds
D:10:     layout_roguey, dpeg_lair_monsters, serial_shops,
          nicolae_shop_behind_doors
D:11:     layout_small_grid, minmay_orc_entry_temple_small, serial_shops,
          nicolae_shop_trees
D:12:     layout_small_grid, lightli_corner_chamber
D:13:     layout_small_grid, david_vaults_2
D:14:     minmay_glassy_protrusions, layout_loops_ring,
          kennysheep_pointless_box, uniq_snorg
D:15:     gammafunk_enter_depths_forms, layout_irregular_city,
          kennysheep_crisscross, basic_altar, minivault_10,
          grunt_decor_mini_mirrors, einodemon_armed_red_devil_minivault
Temple:   minmay_temple_curvy_branch
Lair:1:   layout_layer_cave, gauntlet_entry_generic, enter_volcano_3,
          roderic_batcave, minmay_hedge_maze, chequers_serial_rivers_micro_c,
          serial_bayou_pond_d, lemuel_old_faithful
Lair:2:   minmay_lair_venomous_thicket, layout_big_grid
Lair:3:   layout_misc_corridors
Lair:4:   kb_forest_paths, layout_regular_city, elwin_shoals_entry_rocks,
          patterned_corridor, infiniplex_staircase_pool, uniq_nergalle
Lair:5:   beast_lair_carwin_large_4, layout_small_grid, slime_dummy,
          hellmonk_ghost_happy_afterlife, kennysheep_basilisk_garden
Lair:6:   evil_forest, layout_regular_city, st_stairs_13
Shoals:1: layout_shoals
Shoals:2: layout_shoals, serial_shops, shop, lemuel_oklob_altar
Shoals:3: layout_shoals, hangedman_shoal_volcano, uniq_ilsuiw
Shoals:4: shoals_end_grunt_ice, layout_shoals, shoals_ilsuiw_ice,
          uniq_polyphemus, uniq_nikola
Snake:1:  layout_layer_cave, serial_shops,
          nicolae_shop_competitors_out_of_business, grunt_megastairs_1,
          minmay_shop_grove
Snake:2:  layout_onion_interference
Snake:3:  onia_ninara_swampy_vault, layout_chambers, gammafunk_ghost_split,
          minmay_shop_star
Snake:4:  snake_pit_salamanders_mu, layout_concentric_octagons, st_stairs_6,
          drop_trap, uniq_vashnia
Orc:1:    layout_caves, special_room [special_room_bee], uniq_maurice
Orc:2:    grunt_orc_cross, layout_diamond_mine, serial_shops, bzr_entry_dummy
Elf:1:    eino_elf_arrival_sip, layout_geoelf_octagon, serial_shops,
          nicolae_shop_crystal, minmay_elf_annihilation,
          amcnicky_altar_lugonu_corruption, uniq_aizul
Elf:2:    layout_geoelf_octagon, serial_shops, nicolae_shop_stone
Vaults:1: v_misc_16, ontoclasm_vaults_shuriken, vaults_mumra_hex,
          vaults_dpeg_diagonal, hangedman_vaults_maws,
          vaults_standard_mumra_enter_the_diamond, nicolae_vaults_back_hallway,
          v_pattern_4, hangedman_vaults_impose, nicolae_vaults_little_squares_6,
          nicolae_vaults_diagonal_hallway_6, layout_vaults_omnibox,
          mu_enter_wizlab_4
Vaults:2: minmay_crypt_entry_nasty_monster, serial_ice_b, v_alt_pattern_1,
          ontoclasm_vaults_tryst, v_misc_29, layout_vaults_quadrants,
          serial_shops, shop
Vaults:3: v_misc_4, nicolae_vaults_network_quinsquares
          [nicolae_vaults_network_quincunx_subvault,
          nicolae_vaults_network_quincunx_subvault,
          nicolae_vaults_network_quincunx_subvault,
          nicolae_vaults_network_quincunx_subvault], hangedman_vaults_impose,
          gammafunk_sealed_arena, hangedman_vaults_corner, vaults_dpeg_hooks,
          vaults_room_door_hall, v_alt_pattern_6, nicolae_vaults_rhombus_7,
          v_misc_10, layout_vaults_omnicross
Vaults:4: ontoclasm_vaults_claustrophobia, nicolae_vaults_little_squares_5,
          vaults_mumra_minichess, vaults_dpeg_cross, v_misc_18,
          special_room_vaults [special_room_orc], ontoclasm_vaults_spin,
          v_misc_1, v_misc_8, dpeg_vaults_monster_row, vaults_room_hallway,
          ontoclasm_vaults_gateway, vaults_dpeg_encased_lava, layout_vaults_ring
Crypt:1:  layout_chaotic_city, basic_altar, minmay_guarded_unrand_skullcrusher,
          grunt_megastairs_4, grunt_crypt_arrival_webbed, uniq_margery
Crypt:2:  layout_regular_city
Crypt:3:  lightli_unholy_cathedral, layout_chaotic_city,
          tomb_entry_sphere_bobbens
Depths:1: layout_gridville, minmay_holes, serial_shops,
          nicolae_shop_behind_doors, grunt_hell_entry_demonic_statue,
          chequers_serial_rivers_micro_b, minmay_splitting_lines,
          minmay_misc_feat_diagonals, minmay_crystal_box, serial_bayou_shore_b

Skill      XL: |  1  2  3  4  5  6  7  8  9 10 11 12 13 14 15 16 17 18 19 20 21 22 23 |
---------------+----------------------------------------------------------------------+-----
Conjurations   | 5 6 7 8 9 10 11 12 14 16 | 16.0
Evocations     | 2 3 5 8 11 12 | 12.1
Fighting       | 1 3 4 6 7 8 9 10 11 13 14 16 | 16.7
Shields        | 1 2 4 |  4.0
Invocations    | 1 3 4 6 7 9 10 11 12 14 15 | 15.6
Hexes          | 2 4 5 6 |  6.0
Translocations | 3 5 6 8 |  8.0
Long Blades    | 2 5 7 8 10 11 12 | 12.0
Dodging        | 3 5 7 8 10 11 12 13 | 13.4
Stealth        | 5 7 8 |  8.0
Spellcasting   | 4 6 8 9 11 12 13 14 15 | 15.2
Ice Magic      | 6 9 10 12 14 16 | 16.0
Transmutations | 4 7 8 |  8.0
Air Magic      | 4 8 |  8.0

Action                   |  1- 3 |  4- 6 |  7- 9 | 10-12 | 13-15 | 16-18 | 19-21 | 22-24 || total
-------------------------+-------+-------+-------+-------+-------+-------+-------+-------++-------
Melee: Short sword       |     7 |    18 |       |       |       |       |       |       ||    25
       Club              |       |    79 |    50 |       |       |       |       |       ||   129
       Tailslap          |       |     1 |    13 |    47 |    79 |   120 |   230 |   113 ||   603
       Whip              |       |       |    56 |       |       |       |       |       ||    56
       Long sword        |       |       |    68 |    32 |       |       |       |       ||   100
       Unarmed           |       |       |    18 |       |       |       |       |       ||    18
       Katana            |       |       |       |   390 |   881 |   778 |  1401 |   696 ||  4146
Throw: Boomerang         |       |       |       |       |       |     4 |       |       ||     4
 Cast: Magic Dart        |    45 |    41 |   135 |   112 |   150 |   105 |       |       ||   588
       Searing Ray       |       |     5 |    15 |    30 |    36 |    33 |     5 |     4 ||   128
       Fulminant Prism   |       |     4 |     3 |    23 |    60 |    11 |       |       ||   101
       Iskenderun's Myst |       |       |     9 |    31 |    58 |    43 |     3 |     3 ||   147
       Dazzling Flash    |       |       |       |       |    15 |       |       |       ||    15
       Hailstorm         |       |       |       |       |    76 |   162 |    33 |    31 ||   302
       Orb of Destructio |       |       |       |       |       |    36 |    42 |    50 ||   128
       Blink             |       |       |       |       |       |     4 |    13 |    12 ||    29
       Frozen Ramparts   |       |       |       |       |       |     4 |     2 |     2 ||     8
       Ozocubu's Refrige |       |       |       |       |       |    43 |   105 |    23 ||   171
       Ozocubu's Armour  |       |       |       |       |       |       |     5 |     3 ||     8
       Irradiate         |       |       |       |       |       |       |       |    29 ||    29
       Yara's Violent Un |       |       |       |       |       |       |       |    14 ||    14
Invok: Channel Magic     |       |       |     1 |     3 |    10 |     8 |     4 |       ||    26
       Divine Exegesis   |       |       |       |       |     1 |       |       |       ||     1
 Abil: Breathe Frost     |       |       |     3 |     6 |     7 |    18 |     4 |     1 ||    39
       Evoke Flight      |       |       |       |     1 |     1 |       |       |       ||     2
       Evoke Invisibilit |       |       |       |       |     3 |       |       |       ||     3
Evoke: Wand              |       |       |       |    10 |     7 |    26 |     5 |     3 ||    51
       Box of beasts     |       |       |       |       |       |     2 |       |     1 ||     3
       Condenser vane    |       |       |       |       |       |       |     4 |     3 ||     7
  Use: Scroll            |     1 |     1 |     7 |    17 |    15 |    15 |    15 |    10 ||    81
       Potion            |       |       |     3 |     6 |     9 |    15 |     3 |     5 ||    41
 Stab: Sleeping          |       |     1 |     3 |     3 |    12 |    10 |    40 |     3 ||    72
       Invisible         |       |       |       |       |     9 |     2 |       |       ||    11
       Distracted        |       |       |       |       |     3 |     5 |     4 |     2 ||    14
       Confused          |       |       |       |       |       |       |     1 |       ||     1
Armor: Skin              |     3 |    21 |    36 |    89 |   170 |   192 |   260 |   171 ||   942
Dodge: Dodged            |     5 |    73 |   102 |   215 |   405 |   355 |   543 |   380 ||  2078
Block: Other             |     1 |    39 |       |       |       |       |       |       ||    40
       Buckler           |       |     2 |   143 |   329 |   471 |   456 |   422 |   274 ||  2097
       Reflection        |       |       |     4 |    10 |    15 |    52 |       |       ||    81
       Rpst.: Long sword |       |       |    10 |     6 |       |       |       |       ||    16
       Katana            |       |       |       |    55 |   108 |    64 |    87 |    76 ||   390
